 Dungeon Crawl Stone Soup version 0.28.0-47-ge53b351184 (webtiles) character file.

Game seed: 7116553707469739113

54 warriortoast the Magician (level 3, -4/19 HPs)
             Began as a Deep Elf Hedge Wizard on May 10, 2022.
             Killed from afar by an orc wizard (9 damage)
             ... with a magic dart
             ... on level 3 of the Dungeon.
             The game lasted 00:14:59 (2551 turns).

warriortoast the Magician (Deep Elf Hedge Wizard)   Turns: 2551, Time: 00:14:59

Health: -4/19      AC:  2    Str:  7    XL:     3   Next: 66%
Magic:  5/11       EV: 12    Int: 20    God:
Gold:   100        SH:  0    Dex: 14    Spells: 6/12 levels left

rFire   . . .      SeeInvis .   a - +0 dagger
rCold   . . .      Faith    .   (no shield)
rNeg    . . .      Spirit   .   b - +0 robe
rPois   .          Reflect  .   c - +0 hat
rElec   .          Harm     .   (no cloak)
rCorr   .          Rampage  .   (no gloves)
Will    .....                   (no boots)
Stlth   ++........              (no amulet)
HPRegen 0.06/turn               (no ring)
MPRegen 0.12/turn               (no ring)

@: no status effects
A: no striking features
a: no special abilities


You were on level 3 of the Dungeon.
You visited 1 branch of the dungeon, and saw 3 of its levels.

You collected 100 gold pieces.

Inventory:

Hand Weapons
 a - a +0 dagger (weapon)
Armour
 b - a +0 robe (worn)
 c - a +0 hat (worn)
Jewellery
 d - a +6 ring of dexterity
 f - a ring of resist corrosion
Scrolls
 e - 2 scrolls of identify {unknown}
 h - a scroll of brand weapon {unknown}
Potions
 g - a potion of might {unknown}


   Skills:
 - Level 0.4 Short Blades
 - Level 2.8 Dodging
 - Level 2.5 Stealth
 + Level 5.3 Spellcasting
 + Level 1.6 Conjurations
 + Level 1.3 Hexes
 + Level 1.4 Summonings
 + Level 1.4 Translocations


You had 6 spell levels left.
You knew the following spells:

 Your Spells              Type           Power      Damage    Failure   Level
a - Magic Dart            Conj           44%        1d5       6%          1
b - Slow                  Hex            40%        N/A       7%          1
c - Blink                 Tloc           22%        N/A       10%         2
d - Call Imp              Summ           11%        N/A       10%         2

Your spell library contained the following spells:

 Spells                   Type           Power      Damage    Failure   Level
 Corpse Rot               Necr/Air       10%        N/A       17%         2
 Poisonous Vapours        Pois/Air       10%        N/A       17%         2
 Conjure Flame            Conj/Fire      8%         6-21      24%         3
 Mephitic Cloud           Conj/Pois/Air  7%         N/A       26%         3
 Ozocubu's Armour         Ice            5%         N/A       32%         3
 Metabolic Englaciation   Hex/Ice        4%         N/A       93%         5
 Simulacrum               Ice/Necr       2%         N/A       100%        6


Dungeon Overview and Level Annotations

Branches:
Dungeon (3/15)

Altars:

Shops:
D:3 =

Annotations:
D:2 Sigmund


Message History

The magic dart hits the orc wizard but does no damage.
The orc wizard is moderately wounded.
The magic dart hits the orc wizard.
The orc wizard is moderately wounded.
The orc wizard hits you with a +0 dagger.
Your crimson imp hits the orc wizard.
You barely miss the orc wizard.
The orc wizard is heavily wounded.
You hit the orc wizard but do no damage.
The orc wizard is heavily wounded.
Your crimson imp closely misses the orc wizard.
The orc wizard hits you with a +0 dagger.
You hit the orc wizard but do no damage.
The orc wizard is heavily wounded.
Your crimson imp closely misses the orc wizard.
The orc wizard hits you with a +0 dagger.
You hit the orc wizard.
The orc wizard is severely wounded.
Your crimson imp disappears in a puff of smoke!
The orc wizard misses you.
There is a stone staircase leading up here.
The orc wizard gestures wildly while chanting.
The orc wizard flickers and vanishes!
Deactivating autopickup; reactivate with Ctrl-A.
You climb upwards.
Level annotation: Sigmund Reactivating autopickup.
There is a stone staircase leading down here.
Deactivating autopickup; reactivate with Ctrl-A.
You hit something but do no damage. Something hits you. Something hits you.
* * * LOW HITPOINT WARNING * * *
You climb downwards.
Reactivating autopickup.
There is a stone staircase leading up here.
You hear some strange, mumbled words.
A magic dart appears from out of thin air!
Deactivating autopickup; reactivate with Ctrl-A.
The magic dart hits you!
You die...

#.##..#.#.....g...#
#.#####.#.#######.#
#[# #.#.# #.# #.#
##.#.# #.# #.#
##.#..# #.#
..###.###.# #.#
#...(####.## #.#
#..##.##...######.#
#..###.#[...†..{@.#
#..####....##.##<##
#..#....#####.##.#
#..#.#### #.##.#
#..#. ####.##.#
...#. #.......# .w
........#### #.
####.#### #. ...


There were no monsters in sight!

Vanquished Creatures
  A dart slug (D:1)
  3 orcs (D:3)
  4 ball pythons
  2 bats (D:1)
  2 endoplasms (D:1)
  A giant cockroach (D:1)
  A goblin (D:1)
  2 hobgoblins (D:1)
  3 jackals
  A quokka (D:1)
  2 frilled lizards
  4 kobolds
  2 rats
28 creatures vanquished.

Vanquished Creatures (collateral kills)
  An adder (D:2)
  A worm (D:3)
  An endoplasm (D:2)
  2 jackals (D:2)
  A kobold (D:2)
  A frilled lizard (D:2)
7 creatures vanquished.

Grand Total: 35 creatures vanquished

Notes
Turn   | Place    | Note
-------+----------+-------------------------------------------
     0 | D:1      | warriortoast the Deep Elf Hedge Wizard began the quest for
                  | the Orb.
     0 | D:1      | Reached XP level 1. HP: 10/10 MP: 7/7
     2 | D:1      | Learned a level 1 spell: Slow
   303 | D:1      | Reached XP level 2. HP: 15/15 MP: 6/9
   908 | D:1      | Reached skill level 5 in Spellcasting
  1418 | D:3      | Reached XP level 3. HP: 19/19 MP: 2/11
  1487 | D:3      | Found Seorim's Jewellery Emporium.
  1589 | D:2      | Learned a level 2 spell: Blink
  1592 | D:2      | Learned a level 2 spell: Call Imp
  1739 | D:2      | Reached skill level 1 in Hexes
  1970 | D:2      | Noticed Sigmund
  2551 | D:3      | Killed from afar by an orc wizard

Illustrated notes

Levels and vault maps discovered:
D:1:      minmay_arrival_plants_in_alcoves, layout_loops_ring
D:2:      layout_loops_ring, uniq_sigmund
D:3:      layout_loops_ring, serial_shops, nicolae_shop_bloodbath_and_beyond,
          nicolae_square_shop, shop

Skill      XL: |  1  2  3 |
---------------+----------+-----
Spellcasting   | 5 |  5.3
Hexes          | 1 |  1.3
Short Blades   | |  0.4
Dodging        | |  2.8
Stealth        | |  2.5
Conjurations   | |  1.6
Summonings     | |  1.4
Translocations | |  1.4

Action                   || total
-------------------------++-------
Melee: Dagger            ||    21
 Cast: Magic Dart        ||    97
       Slow              ||    11
       Call Imp          ||    12
  Use: Potion            ||     1
Armor: Robe              ||     2
Dodge: Dodged            ||    26
